 Dungeon Crawl Stone Soup version 0.21.1-1-g345015f (webtiles) character file.

335 Mgcat the Skirmisher (level 6, -8/41 HPs)
             Began as a Gargoyle Monk on Feb 12, 2018.
             Mangled by an ogre
             ... wielding a +0 giant club
              (23 damage)
             ... on level 4 of the Dungeon.
             The game lasted 00:03:36 (2240 turns).

Mgcat the Skirmisher (Gargoyle Monk)                Turns: 2240, Time: 00:03:36

Health: -8/41      AC: 10    Str: 14    XL:     6   Next: 53%
Magic:  6/6        EV: 10    Int: 11    God:
Gold:   126        SH:  3    Dex: 14    Spells: 5/5 levels left

rFire    . . .     SeeInvis .   a - +0 mace
rCold    . . .     Gourm    .   o - +0 buckler
rNeg     + . .     Faith    .   n - +0 ring mail
rPois    ∞         Spirit   .   (no helmet)
rElec    +         Reflect  .   (no cloak)
rCorr    .         Harm     .   e - +0 pair of gloves
MR       .....                  (no boots)
Stlth    +.........             (no amulet)
HPRegen  0.13/turn              (no ring)
MPRegen  0.10/turn              (no ring)

@: no status effects
A: negative energy resistance 1, electricity resistance, unbreathing,
petrification resistance, rot immunity, AC +4
a: no special abilities


You were on level 4 of the Dungeon.
You were not hungry.

You visited 1 branch of the dungeon, and saw 4 of its levels.

You collected 126 gold pieces.

Inventory:

Hand Weapons
 a - a +0 mace (weapon)
Armour
 b - a +0 robe
 e - a +0 pair of gloves (worn)
   (You found it on level 1 of the Dungeon)
 n - a +0 ring mail (worn)
   (You found it on level 2 of the Dungeon)
 o - a +0 buckler (worn)
   (You found it on level 2 of the Dungeon)
Wands
 m - a wand of disintegration (9)
   (You found it on level 2 of the Dungeon)
Scrolls
 g - 6 scrolls of remove curse {unknown}
 h - 3 scrolls of noise {unknown}
 i - a scroll of enchant armour {unknown}
 k - a scroll of fear {unknown}
 l - 3 scrolls of identify {unknown}
 p - 2 scrolls of enchant weapon {unknown}
 s - a scroll of blinking {unknown}
 v - a scroll of immolation {unknown}
 w - a scroll of teleportation {unknown}
Potions
 d - 2 potions of haste {unknown}
 f - a potion of magic {unknown}
 j - 3 potions of resistance {unknown}
 q - a potion of curing {unknown}
 r - a potion of ambrosia {unknown}
 t - a potion of berserk rage {unknown}
 u - a potion of heal wounds {unknown}
Comestibles
 c - 10 rations


   Skills:
 + Level 6.0 Fighting
 + Level 5.4 Maces & Flails
 - Level 2.4 Dodging
 - Level 2.1 Stealth


You had 5 spell levels left.
You didn't know any spells.

Dungeon Overview and Level Annotations

Branches:
Dungeon (4/15)
 Temple: D:4-7

Altars:
Zin


Innate Abilities, Weirdness & Mutations

You are resistant to torment.
Your stone body is resilient. (AC +4)
You are immune to poison.
You resist negative energy. (rN+)
You are resistant to electric shocks. (rElec)
You can survive without breathing.
You are immune to petrification.
You are immune to rotting.


Message History

The worm is severely wounded.
You hit the worm.
You kill the worm!
No target in view!
No target in view!
You see here a scale mail.
u - a pink potion
v - a scroll labeled POUDYCUNWE Some of the chunks of flesh in your inventory have rotted away.
g - 5 scrolls labeled SIELOG UNAZAI (gained 1)
Found an escape hatch in the floor.
HP restored.
There is an escape hatch in the floor here.
You see here 28 bolts.
Some of the chunks of flesh in your inventory have rotted away.
Eating a chunk of flesh {@w0}.
You eat the chunk of flesh {@w0}.
This raw flesh tastes terrible.
You see here a ring mail.
Found a stone staircase leading up.
There is a stone staircase leading down here.
You now have 126 gold pieces (gained 8).
g - 6 scrolls labeled SIELOG UNAZAI (gained 1)
Found an escape hatch in the ceiling.
Done exploring.
Done exploring.
No target in view!
Done exploring.
(D) Dungeon
Where to? (Enter - D:3, ? - help)
What level of the Dungeon? (default 1, ? - help)
You see here a whip.
There is a stone staircase leading down here.
You climb downwards.
There is a stone staircase leading up here.
c - 10 rations (gained 1)
An adder comes into view.
An adder is nearby!
The helpless adder fails to defend itself.
You hit the adder.
The adder is lightly wounded.
The adder barely misses you. You block the adder's attack.
You sock the adder!
The adder is almost dead.
The adder barely misses you.
You hit the adder but do no damage.
The adder is almost dead.
The adder barely misses you. The adder bites you but does no damage.
An adder is nearby!
You sock the adder!
You kill the adder!
No target in view!
You butcher the adder corpse.
f - a chunk of flesh {@w0} You see here an adder skeleton. x2
w - a scroll labeled WILOZO JAQEORA An ogre comes into view.
It is wielding a giant club.
The ogre hits you with a giant club!
You sock the ogre!
The ogre is heavily wounded.
The ogre completely misses you.
You hit the ogre.
The ogre is heavily wounded.
The ogre hits you with a giant club.
You are too injured to fight recklessly!
You are too injured to fight recklessly!
You are too injured to fight recklessly!
You are too injured to fight recklessly!
You thump the ogre!
The ogre is severely wounded.
The ogre barely misses you.
You sock the ogre!
You kill the ogre!
Your Fighting skill increases to level 6!
You see here a giant club.
Eating a chunk of flesh {@w0}.
You eat the chunk of flesh {@w0}.
This raw flesh tastes terrible.
HP restored.
f - a fuming dark potion An ogre comes into view.
It is wielding a giant club.
The ogre shouts!
An ogre is nearby!
You hit the ogre.
The ogre is moderately wounded.
The ogre hits you with a giant club!
You are too injured to fight recklessly!
You are too injured to fight recklessly!
You are too injured to fight recklessly!
You sock the ogre!
The ogre is heavily wounded.
The ogre hits you with a giant club.
You sock the ogre!
The ogre is almost dead.
The ogre closely misses you.
You completely miss the ogre.
The ogre is almost dead.
The ogre hits you with a giant club.
You hit the ogre.
The ogre is almost dead.
The ogre hits you with a giant club!!
Ouch! That really hurt!
You die...

#### ...###
###.....#
#.......#
#O#.....#
#@......#
####......#
#.......###
#.##)##.#
#.##.##.#
#.##....#
#.#####.#
#.#####.#
#...÷...#


You could see an ogre.

Vanquished Creatures
  Sigmund (D:2)
  An ogre (D:4)
  2 adders
  2 oozes
  2 worms
  2 dart slugs (D:1)
  A leopard gecko (D:1)
  3 orcs (D:3)
  5 giant cockroaches
  5 goblins
  7 hobgoblins
  4 jackals (D:2)
  7 kobolds
  A quokka (D:2)
  A ball python (D:1)
  5 bats
  2 frilled lizards (D:3)
  6 rats
57 creatures vanquished.

Notes
Turn   | Place    | Note
-------+----------+-------------------------------------------
     0 | D:1      | Mgcat the Gargoyle Monk began the quest for the Orb.
     0 | D:1      | Reached XP level 1. HP: 14/14 MP: 1/1
   109 | D:1      | Reached XP level 2. HP: 18/19 MP: 2/2
   490 | D:1      | Reached skill level 4 in Fighting
   490 | D:1      | Reached XP level 3. HP: 24/24 MP: 3/3
   984 | D:2      | Noticed Sigmund
   995 | D:2      | Killed Sigmund
   995 | D:2      | Reached skill level 5 in Fighting
   995 | D:2      | Reached skill level 4 in Maces & Flails
   995 | D:2      | Reached XP level 4. HP: 19/31 MP: 4/4
   995 | D:2      | Reached XP level 5. HP: 22/35 MP: 5/5
  1310 | D:2      | Reached skill level 5 in Maces & Flails
  1454 | D:3      | Reached XP level 6. HP: 40/40 MP: 6/6
  1557 | D:3      | Found a glowing silver altar of Zin.
  2185 | D:4      | Reached skill level 6 in Fighting
  2240 | D:4      | Mangled by an ogre

Skill      XL: |  1  2  3  4  5  6 |
---------------+-------------------+-----
Fighting       | 4 5 6 |  6.0
Maces & Flails | 4 5 |  5.4
Dodging        | |  2.4
Stealth        | |  2.1

Action                   |  1- 3 |  4- 6 || total
-------------------------+-------+-------++-------
Melee: Mace              |   124 |    80 ||   204
 Stab: Sleeping          |     8 |     1 ||     9
  Eat: Chunk             |       |     5 ||     5
Armor: Robe              |    44 |       ||    44
       Ring mail         |       |    42 ||    42
Dodge: Dodged            |    85 |    46 ||   131
Block: Buckler           |       |    14 ||    14

Vault maps used:
D:1:      scummos_arrival_gate
D:2:      uniq_sigmund
D:3:      zin_statuary, minmay_misc_feat_five
D:4:      nicolae_dithmenos_through_a_glass_darkly, serial_shops,
          nicolae_shop_statue_plus, first_ration

Table legend:
 A = Turns spent in this place as a percentage of turns spent in the entire game.
 B = Non-inter-level travel turns spent in this place as a percentage of non-inter-level travel turns spent in the entire game.
 C = Inter-level travel turns spent in this place as a percentage of turns spent in this place.
 D = Turns resting spent in this place as a percentage of non-inter-level travel turns spent in this place.
 E = Turns spent auto-exploring this place as a percentage of non-inter-level travel turns spent in this place.
 F = Non-inter-level travel turns spent in this place divided by the number of levels of this place that you've seen.
                   A       B       C       D       E      F
               +-------+-------+-------+-------+-------+----------------------
         Total | 100.0 | 100.0 |   3.6 |   0.0 |  80.1 | 540.0
       Dungeon | 100.0 | 100.0 |   3.6 |   0.0 |  80.1 | 540.0
               +-------+-------+-------+-------+-------+----------------------

Table legend:
 A = Kills in this place as a percentage of kills in entire the game.
 B = Kills by you in this place as a percentage of kills by you in the entire game.
 C = Kills by friends in this place as a percentage of kills by friends in the entire game.
 D = Other kills in this place as a percentage of other kills in the entire game.
 E = Experience gained in this place as a percentage of experience gained in the entire game.
 F = Experience gained in this place divided by the number of levels of this place that you have seen.
                   A       B       C       D       E      F
               +-------+-------+-------+-------+-------+----------------------
         Total | 100.0 | 100.0 |   N/A |   N/A | 100.0 | 119.8
       Dungeon | 100.0 | 100.0 |   N/A |   N/A | 100.0 | 119.8
               +-------+-------+-------+-------+-------+----------------------
